 Dungeon Crawl Stone Soup version 0.19.1 (webtiles) character file.

4719 Peloso the Carver (level 10, -9/88 HPs)
             Began as a Deep Dwarf Fighter on Dec 11, 2016.
             Was a Priest of Makhleb.
             Mangled by a red ugly thing (10 damage)
             ... on level 10 of the Dungeon.
             The game lasted 00:33:17 (7756 turns).

Peloso the Carver (Deep Dwarf Fighter)              Turns: 7756, Time: 00:33:18

Health: -9/88      AC: 17    Str: 23    XL:     10   Next: 22%
Magic:  13/13      EV:  5    Int:  9    God:    Makhleb [***...]
Gold:   422        SH: 17    Dex: 12    Spells: 0 memorised, 9 levels left

rFire  . . .     SeeInvis +     E - +0 long sword (slice)
rCold  . . .     Gourm    .     r - +1 plate armour
rNeg   . . .     Faith    .     z - +0 large shield (curse)
rPois  .         Spirit   .     (no helmet)
rElec  .         Reflect  .     B - +1 cloak
rCorr  .         Harm     .     (no gloves)
MR     ++...                    (no boots)
Stlth  ..........               l - amulet of rage
                                w - ring of protection from magic
                                v - ring of see invisible

@: non-regenerating, slowed, very slow
A: damage resistance, recharge devices, sense surroundings 2, slow regeneration
3
a: Device Recharging, Minor Destruction, Lesser Servant of Makhleb, Renounce
Religion, Evoke Berserk Rage


You were on level 10 of the Dungeon.
You worshipped Makhleb.
Makhleb was most pleased with you.
You were near starving.

You visited 1 branch of the dungeon, and saw 10 of its levels.

You collected 422 gold pieces.

Inventory:

Hand Weapons
 a - a +1 long sword
 x - the +10 mace "Conservator" {vamp, rPois rF+++ Str-4 Int+4, unknown}
   (You found it on level 5 of the Dungeon)

   It inflicts no extra harm, but heals its wielder when it wounds a living foe.
   It affects your strength (-4).
   It affects your intelligence (+4).
   It renders you almost immune to fire.
   It protects you from poison.
 C - a cursed -3 rapier
 E - a +0 long sword of slicing (weapon)
Armour
 c - a +0 shield
 r - a +1 plate armour (worn)
 z - a cursed +0 large shield (worn)
 B - a +1 cloak (worn)
Jewellery
 b - an uncursed ring of ice
 l - an amulet of rage (around neck)
 n - an uncursed ring of ice
 o - an uncursed ring of fire
 v - a ring of see invisible (left hand)
 w - a ring of protection from magic (right hand)
Wands
 e - a wand of heal wounds (0/9)
 h - a wand of heal wounds (6/9)
 y - a wand of flame (23/48)
 D - a wand of paralysis (8/24)
 J - a wand of iceblast (3/15)
Scrolls
 j - 2 scrolls of remove curse
 A - a scroll of magic mapping
 I - a scroll of enchant armour
Potions
 g - 2 potions of flight
 m - a potion of haste
 q - 2 potions of resistance {unknown}
 u - 2 potions of curing {unknown}
 F - a potion of cancellation {unknown}
 G - a potion of ambrosia {unknown}
 H - a potion of heal wounds
Books
 d - a book of Geomancy

   Spells                             Type                      Level
   a - Sandblast                      Earth                        1
   b - Passwall                       Transmutation/Earth          2
   c - Stone Arrow                    Conjuration/Earth            3
   d - Petrify                        Transmutation/Earth          4
   e - Lee's Rapid Deconstruction     Earth                        5
 s - a book of Necromancy

   Spells                             Type                      Level
   a - Pain                           Necromancy                   1
   b - Animate Skeleton               Necromancy                   1
   c - Vampiric Draining              Necromancy                   3
   d - Regeneration                   Charms/Necromancy            3
   e - Animate Dead                   Necromancy                   4
   f - Control Undead                 Necromancy                   4
Comestibles
 f - 6 bread rations
 i - 3 slices of pizza
 p - 10 royal jellies
 t - 6 meat rations


   Skills:
 + Level 5.3 Fighting
 + Level 9.1 Long Blades
 + Level 8.1 Armour
 + Level 2.6 Dodging
 + Level 1.0 Stealth
 + Level 9.0 Shields
 + Level 0.3 Invocations
 + Level 4.2 Evocations


You had 9 spell levels left.
You didn't know any spells.

Dungeon Overview and Level Annotations

Branches:
Dungeon (10/15)            Temple (0/1) D:4            Lair (0/6) D:8
    Orc: D:9-12

Altars:
Dithmenos
Fedhas
Makhleb
Ru
Trog

Shops:
D:4 =   D:8 [

Annotations:
D:9 loom's ghost, novice DECj


Innate Abilities, Weirdness & Mutations

You are resistant to damage.
You can recharge devices by infusing magical energy.
You passively map the area around you.
You do not regenerate.


Message History

You block the hound skeleton's attack.
The red ugly thing tentacle-slaps you but does no damage.
The hound skeleton bites you but does no damage.
You block the ogre zombie's attack.
You block the hobgoblin zombie's attack.
You block the goblin zombie's attack.
The troll zombie bites you but does no damage.
The troll zombie claws you but does no damage.
You block the troll zombie's attack. The red ugly thing tentacle-slaps you.
You are engulfed in flames!
* * * LOW HITPOINT WARNING * * *
As you read the scroll labeled FOASTEU ZISCHAWN, it crumbles to dust.
The creatures around you are filled with an inner flame!
It was a scroll of immolation.
The hound skeleton bites you but does no damage.
You block the ogre zombie's attack.
The hound skeleton bites you but does no damage.
The hobgoblin zombie completely misses you.
The red ugly thing tentacle-slaps you.
You are engulfed in flames!
You die...

, 8 , ## ,, * *
........#*#.. ...
......... .... , ..,*
##...#.....#...#*** * Z.
#####..........#....# *
*, .
#...<....#*#........#.,
., #........###.........#
* ,
####........#..ZZZ......#
,
Z..#...........Z@Z......#
*,* *,
..Z÷..........###u####..
...#.........###ZW# *, ,*
, ...#.$......Z###.##** ,
, ......###.#.ZZ.Z.# *
....Z.......######
...####.....# **, * ...#
#.....# , , * ...#
#.....# , *


You could see a red ugly thing (inner flame), a wraith (inner flame), a goblin
zombie (inner flame), a hobgoblin zombie (inner flame), an ogre zombie (inner
flame), a troll zombie (inner flame) and a hound skeleton (inner flame).

Vanquished Creatures
  Maurice (D:9)
  A troll (D:9)
  2 hippogriffs
  4 yaks (D:9)
  An ice beast (D:9)
  A black bear (D:8)
  An orc warrior (D:5)
  A necrophage (D:9)
  5 sky beasts
  A phantom (D:6)
  An ogre (D:4)
  4 centaurs
  Blork the orc (D:5)
  A big kobold (D:7)
  4 bullfrogs
  3 gnoll sergeants
  A scorpion (D:4)
  A wight (D:5)
  3 howler monkeys
  2 crimson imps
  A bullfrog zombie (D:6)
  6 hounds
  A gnoll shaman (D:3)
  2 orc priests
  4 jellies
  A centaur skeleton (D:8)
  3 orc wizards
  2 iguanas
  5 worker ants
  2 ogre zombies (D:10)
  A hound skeleton (D:7)
  A howler monkey zombie (D:5)
  7 gnolls
  9 adders
  6 oozes
  2 adder skeletons
  5 dart slugs
  7 leopard geckos
  22 orcs
  4 bats
  5 giant cockroaches
  4 goblins
  3 hobgoblins
  4 jackals (D:7)
  14 kobolds
  3 quokkas
  6 frilled lizards
  A hobgoblin zombie (D:10)
  A jackal skeleton (D:5)
  A leopard gecko zombie (D:6)
  2 orc skeletons (D:10)
  8 orc zombies (D:10)
  A quokka skeleton (D:8)
  10 rats
193 creatures vanquished.

Notes
Turn   | Place    | Note
-------+----------+-------------------------------------------
     0 | D:1      | Peloso the Deep Dwarf Fighter began the quest for the Orb.
     0 | D:1      | Reached XP level 1. HP: 20/20 MP: 1/1
     0 | D:1      | Noticed a vampire
     1 | D:1      | Noticed a naga
     4 | D:1      | Noticed a formicid
     4 | D:1      | Noticed an elf
     7 | D:1      | Noticed a troll
     8 | D:1      | Noticed a formicid
     9 | D:1      | Noticed a human
    11 | D:1      | Noticed a formicid
    11 | D:1      | Noticed an octopode
    13 | D:1      | Noticed a naga
    15 | D:1      | Noticed a draconian
    17 | D:1      | Noticed a vampire
    17 | D:1      | Noticed a gargoyle
    19 | D:1      | Noticed an elf
    19 | D:1      | Noticed a naga
   201 | D:1      | Reached XP level 2. HP: 22/27 MP: 2/2
   602 | D:2      | Reached XP level 3. HP: 23/33 MP: 3/3
  1231 | D:3      | Reached XP level 4. HP: 19/40 MP: 4/4
  1570 | D:3      | Found a burning altar of Makhleb.
  1571 | D:3      | Noticed a blizzard demon
  1580 | D:3      | Noticed a smoke demon
  1580 | D:3      | Noticed a ynoxinul
  1582 | D:3      | Became a worshipper of Makhleb the Destroyer
  1917 | D:3      | Found a blossoming altar of Fedhas.
  2060 | D:4      | Found Ifufuw's Jewellery Emporium.
  2080 | D:4      | Reached skill level 1 in Dodging
  2080 | D:4      | Reached XP level 5. HP: 14/49 MP: 5/5
  2374 | D:4      | Found a shadowy altar of Dithmenos.
  2522 | D:4      | Found a staircase to the Ecumenical Temple.
  2603 | D:4      | Reached skill level 5 in Armour
  2730 | D:4      | Noticed an ogre
  2731 | D:4      | Reached XP level 6. HP: 27/56 MP: 6/6
  2746 | D:4      | Reached skill level 1 in Evocations
  2828 | D:5      | Entered Level 5 of the Dungeon
  2871 | D:5      | Reached * piety under Makhleb
  2987 | D:5      | Noticed Blork the orc
  2987 | D:5      | Noticed an orc warrior
  3154 | D:5      | Reached XP level 7. HP: 62/62 MP: 8/8
  3477 | D:5      | Killed Blork the orc
  3570 | D:5      | Reached skill level 5 in Long Blades
  3621 | D:5      | Reached skill level 5 in Shields
  3803 | D:5      | Got a polished mace
  3987 | D:5      | Found a sacrificial altar of Ru.
  4207 | D:6      | Reached XP level 8. HP: 27/69 MP: 10/10
  4647 | D:6      | Noticed a hippogriff
  4661 | D:6      | Killed a hippogriff
  5000 | D:7      | Noticed a hippogriff
  5010 | D:7      | Killed a hippogriff
  5092 | D:7      | Reached ** piety under Makhleb
  5410 | D:7      | Gained mutation: You passively map the area around you. [Deep Dwarf growth]
  5410 | D:7      | Reached XP level 9. HP: 79/79 MP: 11/11
  6154 | D:8      | Found Fafoipp's Antique Armour Shoppe.
  6193 | D:8      | Found a staircase to the Lair.
  6614 | D:8      | Found a bloodstained altar of Trog.
  6643 | D:8      | Reached skill level 1 in Stealth
  6859 | D:9      | Noticed Maurice
  6881 | D:9      | Killed Maurice
  6881 | D:9      | Reached skill level 5 in Fighting
  6912 | D:9      | Noticed a troll
  6920 | D:9      | Killed a troll
  6921 | D:9      | Noticed loom's ghost (novice DECj)
  7235 | D:9      | Reached *** piety under Makhleb
  7303 | D:9      | Found a bloodstained altar of Trog.
  7374 | D:9      | Reached XP level 10. HP: 88/88 MP: 13/13
  7529 | D:10     | Entered Level 10 of the Dungeon
  7748 | D:10     | Noticed a red ugly thing
  7755 | D:10     | HP: 1/88 [red ugly thing (15)]
  7756 | D:10     | Mangled by a red ugly thing

Skill      XL: |  1  2  3  4  5  6  7  8  9 10 |
---------------+-------------------------------+-----
Armour         | 4 5 6 7 8 |  8.1
Fighting       | 3 4 5 |  5.3
Long Blades    | 3 4 5 6 8 9 |  9.1
Dodging        | 1 2 |  2.6
Shields        | 4 5 6 8 9 |  9.0
Evocations     | 1 3 4 |  4.2
Stealth        | 1 |  1.0
Invocations    | |  0.3

Action                   |  1- 3 |  4- 6 |  7- 9 | 10-12 || total
-------------------------+-------+-------+-------+-------++-------
Melee: Long sword        |   101 |   195 |   503 |   106 ||   905
Invok: Minor Destruction |       |       |     1 |       ||     1
 Abil: Evoke Berserk Rag |       |     1 |    10 |       ||    11
Evoke: Wand              |       |     5 |     4 |       ||     9
  Use: Scroll            |       |     6 |    13 |     1 ||    20
       Potion            |       |     1 |     1 |       ||     2
  Eat: Chunk             |     1 |     6 |    21 |     1 ||    29
       Beef jerky        |       |       |     2 |       ||     2
Armor: Scale mail        |    46 |    85 |       |       ||   131
       Plate armour      |       |       |   177 |    53 ||   230
Dodge: Dodged            |    26 |    51 |    60 |     8 ||   145
Block: Shield            |    41 |   109 |    35 |       ||   185
       Large shield      |       |       |   336 |    94 ||   430
       Rpst.: Long sword |     6 |    15 |    14 |     2 ||    37
